omghax, neutral male scurrid Tourist ------ ----------- |..... `.......... | |................}}.. ---------......}}}}.. ---------.....}}}}.....}}}}.... --------- |}}}.....}}}..}}}}}}....l)....}}}}.B.i..(..}}}..}}....}}...}}}}.}}}}}}}}| |}}}....}}.}}}}....}}...}}}a.}/..}}}}}}.}}}}..........}}....}}}}}}.}@}}}| |}}}}}}}......).....}}}}}.}}}..x...u}}}}}}}............}}.............}}| |}}}}}..........h.?>.}}...f..l........}}...}l...l......}}..%........}}}}| ---------..+............. ---------(..}........}}}}.......--------- |.. |..C}}}...<}}}.}....... - -....}}..}}}.......=. ........}?}}}}.......} }}..}}}}}}....}}.}.....}}} ..}}}......}}}}}"........}}}}. ZQ.}}}}.(......F...}}}}}..}}}}.}}} ....M}}}..... ---------.....}}}.Z..}} ....!.......... |.......l..... |.........Z..Q. |............ --------------- ------------- omghax the Rambler Experience level: 1 Strength: 10 Dexterity: 13 Constitution: 14 Intelligence: 10 Wisdom: 12 Charisma: 16 Health: 5(9) Energy: 2(2) Def: 0 Gold: 1161 Moves: 35 Dungeon seed: B5CJIsDc6fCAbzd6 Game ID: omghax_1498611221 Your Inventory: Coins $ - 1161 gold pieces Weapons a - 49 uncursed rusty +2 darts (in quiver) Armor e - an uncursed +0 Hawaiian shirt (being worn) Comestibles b - 5 uncursed tripe rations c - 4 uncursed food rations d - an uncursed lembas wafer f - an uncursed chestnut Scrolls h - 4 uncursed scrolls of blank paper m - an uncursed scroll of blank paper Potions g - 2 uncursed diluted potions of extra healing Wands k - an uncursed rusty wand of secret door detection (0:13) Tools i - an uncursed expensive camera (0:89) j - an uncursed credit card l - an uncursed leash Spells and supernatural/magical abilities: Name Level Category Fail Memory W - pray for help -- divine ? -- Your skills at the end: Miscellaneous Skills wands [Basic] Weapon Skills dart [Basic] Spellcasting Skills Final Attributes: You were devoutly aligned. You had infravision. You were very stealthy. You survived. Voluntary challenges: You went without food. You did not adorn yourself with jewelry or accessories. You did not cause conflict. You were not invisible. You did not have reflection. You were not displaced. You were an atheist. You never hit with a wielded weapon. You were a pacifist. You did not use tools. You did not use plumbed fixtures. You did not drink any magical draughts. You were illiterate. You never genocided any monsters. You never polymorphed an object. You never changed form. You used no wishes. You never split a pudding. You never wrote Elbereth's name. You never violated your personal moral code. Dungeon overview: The Dungeons of Doom: levels 1 to 14 Level 1 a long staircase Level 2 Level 3 Level 4 Level 5 Level 6 Level 7 Level 8 Level 9 Level 10 Level 11 Level 12 Level 13 Level 14 <- You were here History has recorded: On T:1 you entered the Dungeons of Doom to retrieve the Amulet of Yendor! On T:4 you reached level 2 of The Dungeons of Doom. On T:7 you reached level 3 of The Dungeons of Doom. On T:9 you reached level 4 of The Dungeons of Doom. On T:11 you reached level 5 of The Dungeons of Doom. On T:13 you reached level 6 of The Dungeons of Doom. On T:16 you reached level 7 of The Dungeons of Doom. On T:18 you reached level 8 of The Dungeons of Doom. On T:20 you reached level 9 of The Dungeons of Doom. On T:22 you reached level 10 of The Dungeons of Doom. On T:26 you reached level 11 of The Dungeons of Doom. On T:28 you reached level 12 of The Dungeons of Doom. On T:31 you reached level 13 of The Dungeons of Doom. On T:33 you reached level 14 of The Dungeons of Doom. Score breakdown: Gold: 225 ( 22 points) Experience: 1 level ( 0 points) Exploration: 14 levels ( 390 points) Discoveries: 1 item ( 50 points) Variety of kills: 0 monsters ( 0 points) Major goal: (nothing yet) ( 0 points) Survival: quit (score multiplied by 3) Total score: 1386 Latest messages: $ - 155 gold pieces. You start digging downward. You continue digging downward. You dig a pit in the floor. You continue digging downward. You dig a hole through the floor. You fall through... You start digging downward. You continue digging downward. You dig a pit in the floor. You continue digging downward. You dig a hole through the floor. You fall through... You start digging downward. You continue digging downward. As you dig, the hole fills with water! You fall into the water! You sink like a rock. Your darts rust! Your wand of secret door detection rusts! You try to crawl out of the water. Pheew! That was close. That command is only available in debug mode. Final status: Aloha omghax the Tourist, quit... You quit in The Dungeons of Doom on dungeon level 14 with 1386 points, and 1161 pieces of gold, after 35 moves. You were level 1 with a maximum of 9 hit points when you quit.